Cogmind - Beta 12 @@@ ROGUE MODE // 2023.04.11 @ 09:43:42 Player: art-hropod Result: Self-destructed Performance ------------- Evolutions (3) 1500 Regions Visited (4) 800 Robots Destroyed (50) 250 Value Destroyed (1067) 1067 Prototype IDs (0) 0 Alien Tech Used (0) 0 Bonus (67) 67 TOTAL SCORE: 3684 Bonus ------- High Alert Combat Kills 67 Cogmind --------- Core Integrity 684/700 Matter 264/300 Energy 57/100 System Corruption 0% Temperature Cool (0) Movement Flying (34) Location -7/Factory Parts ------- > --- POWER (1) -------- (None) > --- PROPULSION (5) --- Flight Unit Flight Unit Flight Unit > --- UTILITY (5) ------ Small Storage Unit Advanced Visual Processing Unit Signal Interpreter > --- WEAPON (2) ------- Small Laser Small Laser > --- INVENTORY (8) ---- Flight Unit Heat Sink Rocket Launcher Peak State ------------ > --- POWER ------------ Light Nuclear Core > --- PROPULSION ------- Aluminum Leg Aluminum Leg Aluminum Leg Aluminum Leg > --- UTILITY ---------- Small Storage Unit Signal Interpreter > --- WEAPON ----------- Light Assault Rifle Autogun > --- INVENTORY -------- Improved Ion Engine Flight Unit Flight Unit Flight Unit Heat Sink Visual Processing Unit Sensor Array Rocket Launcher [Rating: 13] Favorites ----------- Power Ion Engine Engine Ion Engine Power Core Light Nuclear Core Propulsion Aluminum Leg Leg Aluminum Leg Flight Unit Flight Unit Utility Small Storage Unit Device Sensor Array Storage Small Storage Unit Processor Signal Interpreter Weapon Light Assault Rifle Energy Gun EM Pulse Gun Ballistic Gun Light Assault Rifle Ballistic Cannon Improved Light Cannon Launcher EMP Blaster Build | -11 -10 -9 -8 -7 ------- Run | Jun Mat Mat Mat Fac Slots Evolved 6 | . . 2 2 2 Power . | . . . . . Propulsion 3 | . . 2 . 1 Utility 3 | . . . 2 1 Weapon . | . . . . . Parts Attached 49 | 8 11 22 8 . Power 9 | 2 1 5 1 . Engine 8 | 2 1 4 1 . Core 1 | . . 1 . . Reactor . | . . . . . Propulsion 18 | 2 5 9 2 . Treads . | . . . . . Leg 13 | 2 5 6 . . Wheel . | . . . . . Hover . | . . . . . Flight 5 | . . 3 2 . Utility 7 | 2 1 1 3 . Device 1 | . . . 1 . Storage 2 | 2 . . . . Processor 4 | . 1 1 2 . Hackware . | . . . . . Protection . | . . . . . Artifact . | . . . . . Weapon 15 | 2 4 7 2 . Energy Gun 6 | 2 2 . 2 . Energy Cannon . | . . . . . Ballistic Gun 5 | . 2 3 . . Ballistic Cannon 1 | . . 1 . . Launcher 3 | . . 3 . . Special Weapon . | . . . . . Impact Weapon . | . . . . . Slashing Weapon . | . . . . . Piercing Weapon . | . . . . . Special Melee Weapon . | . . . . . Unidentified Prototypes . | . . . . . Parts Lost 14 | . . 9 4 1 Power 4 | . . 2 2 . Propulsion 6 | . . 4 1 1 Utility 1 | . . . 1 . Weapon 3 | . . 3 . . Highest Loss Streak 9 | . . 9 3 1 To Critical Strikes . | . . . . . Average Slot Usage (%) 91 | . 99 90 81 65 Engine 10 | . 14 9 6 . Leg 28 | . 28 34 . . Flight 5 | . . 3 30 26 Storage 11 | . 14 11 9 7 Processor 12 | . 13 11 18 15 Energy Gun 7 | . 11 4 13 15 Ballistic Gun 11 | . 15 10 . . Ballistic Cannon 2 | . . 3 . . Naked Turns . | . . . . . Heaviest Build 17 | 17 17 17 11 7 Greatest Support 40 | 20 20 40 16 16 Greatest Overweight (x) 2 | . 1 2 . . Average Overweight (x) . | . . . . . Largest Inventory Capacity 8 | 8 8 8 8 8 Average Capacity 7 | 6 8 8 8 8 Most Carried 8 | 7 8 8 5 3 Average Carried 6 | 3 7 7 2 3 Final Capacity 8 | 8 8 8 8 8 Final Carried 8 | 6 8 6 3 3 Class Distribution -------------------- 67% | Scavenger-Mutant 26% | Mutant 4% | Scavenger-Sprinter Dominant Class ---------------- Mutant | -10/Materials Scavenger-Mutant | -9/Materials Scavenger-Sprinter | -8/Materials Scavenger-Mutant | -7/Factory Resources | -11 -10 -9 -8 -7 ----------- Run | Jun Mat Mat Mat Fac Matter Collected 1086 | 250 225 592 19 . Remotely . | . . . . . Salvage Created 1529 | 89 399 798 243 . Parts 107 | 1 29 64 13 . Haulers Intercepted 1 | . . 1 . . Recyclers Shooed 2 | . 1 . 1 . Parts Field Recycled . | . . . . . Retrieved Matter . | . . . . . Parts Self-Destructed . | . . . . . Prevented . | . . . . . Kills | -11 -10 -9 -8 -7 ------- Run | Jun Mat Mat Mat Fac Combat Hostiles Destroyed 36 | . 13 19 4 . Guns 24 | . 13 7 4 . Cannons 6 | . . 6 . . AOE 6 | . . 6 . . Classes Destroyed 11 | 1 3 7 . . Worker 1 | . . 1 . . Builder 1 | . . 1 . . Tunneler 1 | . . 1 . . Hauler 1 | . . 1 . . Recycler 3 | 1 . . 2 . Operator 3 | . . 3 . . Watcher 4 | . 2 2 . . Swarmer 16 | . 6 6 4 . Grunt 16 | . 7 9 . . Duelist 1 | . . 1 . . Sentry 3 | . . 3 . . Best Kill Streak 6 | 1 4 5 6 . Combat Bots Only 4 | . 4 4 4 . Max Kills in Single Turn 2 | 1 2 2 1 . Gunslinging 1 | . 1 . . . Exploded 2 | . . 2 . . Melee . | . . . . . Uniques/NPCs Destroyed . | . . . . . Combat | -11 -10 -9 -8 -7 -------- Run | Jun Mat Mat Mat Fac Damage Taken 2211 | . 579 1376 212 44 Core 547 | . 197 284 50 16 Absorbed by Shields . | . . . . . Core Remaining (%) 60 | 100 21 29 90 . Volleys Fired 137 | 6 41 77 13 . Largest 2 | 2 2 2 2 . Hottest 100 | 100 100 80 80 . Shots Fired 253 | 7 82 138 26 . Gun 227 | 7 82 112 26 . Cannon 20 | . . 20 . . Launcher 6 | . . 6 . . Special . | . . . . . Kinetic 174 | . 48 126 . . Thermal 63 | 7 30 . 26 . Explosive 4 | . . 4 . . Electromagnetic 12 | . 4 8 . . Robot Hit Streak 13 | 7 9 11 13 . Robot Miss Streak 7 | . 7 5 3 . Penetration Max . | . . . . . Secondary Targets 3 | . 2 . 1 . Max Gunslinging Chain 1 | . 1 . 1 . Shots Hit Robots 156 | 7 50 82 17 . Core Hits 81 | 2 26 43 10 . Critical Kills . | . . . . . Critical Parts Destroyed . | . . . . . Critical Strikes 6 | 2 4 . . . Burn 6 | 2 4 . . . Melee Attacks . | . . . . . Impact . | . . . . . Slashing . | . . . . . Piercing . | . . . . . Sneak Attacks . | . . . . . Combat Hostiles . | . . . . . Follow-up Attacks . | . . . . . Damage Inflicted 2434 | 88 650 1506 190 . Guns 1715 | 88 650 787 190 . Cannons 228 | . . 228 . . Explosions 491 | . . 491 . . Melee . | . . . . . Ramming . | . . . . . Kinetic 1293 | . 331 962 . . Thermal 578 | 88 275 25 190 . Explosive 424 | . . 424 . . Electromagnetic 139 | . 44 95 . . Impact . | . . . . . Slashing . | . . . . . Piercing . | . . . . . Highest Corruption 2 | . 2 . . . Average Corruption 2 | . 2 . . . Corruption Purged . | . . . . . Corruption Blocked . | . . . . . Overload Shots . | . . . . . Overflow Damage 22 | . . 22 . . Projectiles 5 | . . 5 . . Explosions 17 | . . 17 . . Melee . | . . . . . Knockbacks . | . . . . . Impact . | . . . . . Kinetic . | . . . . . Secondary . | . . . . . Self-Inflicted Damage 125 | . . 125 . . Shots 4 | . . 4 . . Rammed . | . . . . . Targets Rammed . | . . . . . Kicked . | . . . . . Crushed . | . . . . . Highest Temperature 282 | 50 282 38 37 . Average Temperature 45 | 26 81 11 19 . Received Heat Transfer 621 | . 261 261 72 27 Effects 3 | . 3 . . . Interference 3 | . 3 . . . Siege Activations . | . . . . . Robots Corrupted . | . . . . . Combat Hostiles . | . . . . . Parts Fried . | . . . . . Impact Corruptions . | . . . . . Robots Melted . | . . . . . Combat Hostiles . | . . . . . Parts Melted 7 | 1 5 . 1 . Heat Transferred 1992 | 407 1110 50 425 . Parts Sabotaged . | . . . . . Parts Stolen . | . . . . . Parts Stripped . | . . . . . Power Chain Reactions 1 | . . 1 . . Missiles Intercepted . | . . . . . Alert | -11 -10 -9 -8 -7 ------- Run | Jun Mat Mat Mat Fac Peak Influence 595 | 5 320 595 410 191 Initial 222 | . 3 80 222 186 Average 268 | 3 163 351 331 186 Maximum Alert Level 2 | . 1 2 2 . Low Security (%) 38 | 100 64 19 . 100 Level 1 39 | . 35 40 92 . Level 2 22 | . . 40 7 . Level 3 . | . . . . . Level 4 . | . . . . . Level 5 . | . . . . . High Security . | . . . . . Max Security . | . . . . . Squads Dispatched 7 | . 2 4 1 . Investigation 3 | . 2 1 . . Extermination . | . . . . . Reinforcement 3 | . . 3 . . Assault . | . . . . . Garrison 1 | . . . 1 . Intercept . | . . . . . Searches Triggered . | . . . . . Construction Impeded 1 | . . 1 . . Haulers Reinforced . | . . . . . Active Scanning Responses . | . . . . . Cargo Convoy Interrupts . | . . . . . Stealth | -11 -10 -9 -8 -7 --------- Run | Jun Mat Mat Mat Fac Distress Signals 4 | . 3 . 1 . Communications Jammed . | . . . . . Distress Signals . | . . . . . Times Spotted 88 | . 21 36 25 6 Peak Tracking Total 21 | . 4 5 21 6 Tactical Retreats 8 | . 2 5 1 . Traps | -11 -10 -9 -8 -7 ------- Run | Jun Mat Mat Mat Fac Traps Triggered 2 | . 2 . . . Indirectly . | . . . . . Trap Hack Attempts . | . . . . . Triggered . | . . . . . Disarmed . | . . . . . Reprogrammed . | . . . . . Reused . | . . . . . Traps Extracted . | . . . . . Installed . | . . . . . Triggered . | . . . . . Machines | -11 -10 -9 -8 -7 ---------- Run | Jun Mat Mat Mat Fac Machines Disabled 1 | . 1 . . . Max in Single Turn 1 | . 1 . . . Machines Repaired . | . . . . . Machines Sabotaged . | . . . . . Overloaded Fab Kills . | . . . . . Hacking | -11 -10 -9 -8 -7 --------- Run | Jun Mat Mat Mat Fac Machines Accessed 12 | . 4 5 3 . Terminals 10 | . 3 4 3 . Fabricators . | . . . . . Repair Stations . | . . . . . Recycling Units 1 | . 1 . . . Scanalyzers 1 | . . 1 . . Garrison Access . | . . . . . Total Hacks 33 | . 12 14 7 . Successful 15 | . 5 7 3 . Failed 18 | . 7 7 4 . Catastrophic 2 | . . 1 1 . Database Lockouts . | . . . . . Manual 25 | . 9 9 7 . Terminals 25 | . 9 9 7 . Fabricators . | . . . . . Repair Stations . | . . . . . Recycling Units 3 | . 3 . . . Scanalyzers 5 | . . 5 . . Garrison Access . | . . . . . Terminal Hacks 2 | . . 1 1 . Level Access Points 1 | . . . 1 . Terminal Index 1 | . . 1 . . Fabricator Hacks . | . . . . . Repair Station Hacks . | . . . . . Recycling Unit Hacks 2 | . 2 . . . Recycle Component 1 | . 1 . . . Process 1 | . 1 . . . Scanalyzer 2 | . . 2 . . Insert Component 1 | . . 1 . . Analyze 1 | . . 1 . . Garrison Access Hacks . | . . . . . Unauthorized Hacks 9 | . 3 4 2 . Terminals 9 | . 3 4 2 . Botnet 7 | . 2 3 2 . Operators 2 | . 1 1 . . Fabricators . | . . . . . Repair Stations . | . . . . . Recycling Units . | . . . . . Scanalyzers . | . . . . . Garrison Access . | . . . . . Data Cores Recovered 1 | . . 1 . . Used . | . . . . . Hacking Detections 11 | . 4 4 3 . Full Trace Events 2 | . 1 1 . . Feedback Events . | . . . . . Feedback Blocked . | . . . . . Robot Schematics Acquired . | . . . . . Robots Built . | . . . . . Authchips . | . . . . . Time . | . . . . . Total Robot Build Rating . | . . . . . Part Schematics Acquired 1 | . . 1 . . Parts Built . | . . . . . Authchips . | . . . . . Time . | . . . . . Total Part Build Rating . | . . . . . Parts Repaired . | . . . . . Time . | . . . . . Parts Recycled 1 | . 1 . . . Recycled Matter 16 | . 16 . . . Retrieved Matter . | . . . . . Retrieved Components . | . . . . . Parts Scanalyzed 1 | . . 1 . . Part Schematics Acquired 1 | . . 1 . . Parts Damaged . | . . . . . Bothacking | -11 -10 -9 -8 -7 ------------ Run | Jun Mat Mat Mat Fac Used RIF Installer . | . . . . . Robots Hacked . | . . . . . Non-combat . | . . . . . Combat . | . . . . . Robot Hacks Applied . | . . . . . Relay Couplers Released . | . . . . . Fabnet Peak Effective % . | . . . . . Robots Rewired . | . . . . . Allies Hacked . | . . . . . Hacks Repelled . | . . . . . Allies | -11 -10 -9 -8 -7 -------- Run | Jun Mat Mat Mat Fac Total Allies . | . . . . . Largest Group . | . . . . . Highest-Rated Group . | . . . . . Highest-Rated Ally . | . . . . . Total Orders . | . . . . . Ally Attacks . | . . . . . Total Damage . | . . . . . Kills . | . . . . . Allies Corrupted . | . . . . . Allies Melted . | . . . . . Intel | -11 -10 -9 -8 -7 ------- Run | Jun Mat Mat Mat Fac Robot Analysis Total . | . . . . . Derelict Logs Recovered . | . . . . . Drone Launches . | . . . . . Drone Recoveries . | . . . . . Exploration | -11 -10 -9 -8 -7 ------------- Run | Jun Mat Mat Mat Fac Turns Passed 1754 | 107 534 941 135 37 Spaces Moved 1499 | 63 307 761 256 112 Core 16 | 4 . 12 . . Treads . | . . . . . Legs 850 | 59 307 484 . . Wheels . | . . . . . Hover . | . . . . . Flight 633 | . . 265 256 112 Fastest Speed 31 | 50 120 34 31 31 Average Speed 83 | 115 120 90 32 32 Slowest Speed 190 | 120 190 150 37 34 Overloaded Moves . | . . . . . Propulsion Burnouts . | . . . . . Robots Hopped 2 | . . . 2 . Cave-ins Triggered . | . . . . . Exploration Rate (%) 29 | 5 51 49 35 9 Regions Visited 4 Branch Regions . Pre-discovered Areas . | . . . . . Known Exits Taken 3 | . 1 1 1 . Unknown Exits Taken 1 | 1 . . . . Scrap Searched . | . . . . . Spaces Dug . | . . . . . Terrain Destroyed 29 | . . 29 . . Melee . | . . . . . Projectile 2 | . . 2 . . AOE 27 | . . 27 . . Terrain Rammed . | . . . . . Walls Destroyed . | . . . . . Machines Disabled . | . . . . . Actions | -11 -10 -9 -8 -7 --------- Run | Jun Mat Mat Mat Fac Total 1782 | 89 402 899 280 112 Wait 31 | . 15 16 . . Move 1491 | 62 306 760 251 112 Hop 2 | . . . 2 . Pick Up 39 | 13 12 9 5 . Fast Attach 8 | . 2 6 . . Attach 26 | 7 3 8 8 . Detach 2 | . 1 1 . . Swap 15 | 1 6 8 . . Drop 31 | . 16 14 1 . Fire 137 | 6 41 77 13 . Melee . | . . . . . Ram . | . . . . . Kick . | . . . . . Crush . | . . . . . Escape Stasis . | . . . . . Rewire . | . . . . . Trap . | . . . . . Miscellaneous . | . . . . . Route ------- -11/Junkyard -10/Materials (discovered 2 exits: *Mat x2) -9/Materials (discovered 3 exits: *Mat / [*Min] / *Sto) -8/Materials (discovered 3 exits: *Fac x3) -7/Factory History --------- Turn | Location | Event 3 | -11/Junkyard | Discovered new exit (range 15) 108 | -11/Junkyard | Entered Materials 300 | -10/Materials | Discovered new exit (range 14) 314 | -10/Materials | Build established: Mutant 476 | -10/Materials | Core integrity fell below 50% 481 | -10/Materials | Discovered new exit (range 14) 497 | -10/Materials | Identified exit to Materials 642 | -10/Materials | Entered another Materials area 642 | -9/Materials | Evolved 2 slots: Propulsion x2 746 | -9/Materials | Build established: Scavenger-Mutant 1395 | -9/Materials | Discovered new exit (range 16) 1411 | -9/Materials | Discovered new exit (range 13) 1412 | -9/Materials | Identified exit to Storage 1457 | -9/Materials | Core integrity fell below 50% 1487 | -9/Materials | Lost 9 parts (2p4n3w) 1579 | -9/Materials | Discovered new exit (range 11) 1583 | -9/Materials | Identified exit to Materials 1583 | -9/Materials | Entered another Materials area 1583 | -8/Materials | Evolved 2 slots: Utility x2 1667 | -8/Materials | Lost 3 parts (1p1n1u) 1671 | -8/Materials | Garrison activated, responded to threat 1691 | -8/Materials | Identified exit to Factory 1718 | -8/Materials | Entered Factory 1718 | -7/Factory | Evolved 2 slots: Propulsion x1, Utility x1 1755 | -7/Factory | Self-destructed Last Messages --------------- 01671_ ALERT: Activating Garrison Access M001. 01675_ K-01 Serf cleans the Atomic Centrifuge. 01675_ K-01 Serf collects debris. 01678_ K-01 Serf cleans the Atomic Centrifuge. 01691_ Connecting with Terminal... >>Access(Main) Found 3 level access points to Factory: (92,52) (43,15) (9,47) Map updated. 01700_ W-25 Informer sends out distress signal. 01705_ Lgt. Ion Engine destroyed. 01708_ K-01 Serf collects debris. [Achievement: Hunted] PARAMETERS=PROPULSION+1,UTILITY+1 LOCATION=FACTORY GOAL=ESCAPE 01735_ ALERT: All DSF locations entering lockdown mode. 01737_ Flight Unit destroyed. Map ----- +----------------------------------------------------+ | ?????????????????????????????????????????????????? | | ?????????????????????????????????????????????????? | | ?????????????????????????????????????????????????? | | ?????????????????????????????????????????????????? | | ?????????????????????????????????????????????????? | | ???????????###???????? ????????????????????????? | | ??????????? ??????# "??????????????????????? | | ?? ??????? ??????# "???? #????????????????? | | ??????? ??????# "???? #????????????????? | | ????? ? # !! #????????????????? | | ??# """" """" # !! """ #????????????????? | | ??# """" """" # """ #????????????????? | | ??# """" """" # """ #????????????????? | | ??# """" """" # #????????????????? | | #?# """" """" # """ "" ?????????????????? | | #?# """" """" # """ "???????????????????? | | #?# # """ ?????????????????????? | | #?# ! # ???????????????????????? | | #########+########+#################+###+#??? | | tu #??? | | #??? | | u #??? | | / "? | | #??? | | g #??? | | @ u +??? | | ####+#########+##### #############+#####??? | | # [ #???# #????????????????????? | | # """"" """ #???#r #????????????????????? | | # ""T"" """ #???# #????????????????????? | | # """ ????# #????????????????????? | | + #???# #????????????????????? | | # ! #???# #????????????????????? | | ##############+#???# #????????????????????? | | #??????????????????# #????????????????????? | | #??????????????????# #????????????????????? | | #??????????????????# #????????????????????? | | #??????????????????# #????????????????????? | | #??????????????????# #????????????????????? | | #??????????????????# #????????????????????? | | +??????????????????# #????????????????????? | | #?????????????????? #????????????????????? | | #??????????????????T #????????????????????? | | #??????????????????? k ?????????????????????? | | #????????????????????? ?????????????????????? | | #???????????????????????????????????????????????? | | #???????????????????????????????????????????????? | | #???????????????????????????????????????????????? | | #???????????????????????????????????????????????? | | ??????????????????????????????????????????????? | +----------------------------------------------------+ Best States ------------- Heat Dissipation 34 Energy Generation 14 Energy Capacity 265 Matter Stores 300 Matter Capacity 300 Sight Range 20 Robot Scan Range 14 Terrain Scan Density 10 Evasion (%) 63 Item Schematics ----------------- Flight Unit | -9/Materials | Scanalyzed Robot Schematics ------------------ None Fabricated ------------ Nothing Alien Tech Used ----------------- None Achievements -------------- Hunted Challenges ------------ None Game ------ Seed VortexArmoredMediator Manual? 0 Play Time 00:32:05 Cumulative 41.3 hours Start 2023.04.06 @ 14:12:34 End 2023.04.11 @ 09:43:42 Sessions 3 Manual Loads 0 Difficulty Rogue Special Mode None Game No. 48 Rogue 32 Adventurer 9 Explorer 7 Win Type - Total 3 Types 3/0/0/0/0/0/0/0/0 Lore% 13 Gallery% 34 Achievement% 24 Wizard Run 0 Options --------- ASCII 0 Keyboard 0 Movement Mouse Keybinds 0 Fullscreen 1 Font 32/Terminus Map View 63x52 Tactical HUD 1 Map Filters NONE Filters NONE Steam X RUN: 100ac9de-1b6d-4d12-bda0-98bcaac026de